 Dungeon Crawl Stone Soup version 0.21.1-1-g345015f (webtiles) character file.

320 halftheisland the Cudgeler (level 6, -4/91 HPs)
             Began as a Troll Fighter on Feb 13, 2018.
             Slain by an ogre
             ... wielding a +0 giant club
              (20 damage)
             ... on level 4 of the Dungeon.
             The game lasted 00:11:07 (2071 turns).

halftheisland the Cudgeler (Troll Fighter)          Turns: 2071, Time: 00:11:08

Health: -4/91      AC:  6    Str: 30    XL:     6   Next: 22%
Magic:  5/5        EV: 11    Int:  4    God:
Gold:   157        SH:  0    Dex: 11    Spells: 5/5 levels left

rFire    + . .     SeeInvis .   u - +0 giant club
rCold    x . .     Gourm    +   (shield currently unavailable)
rNeg     . . .     Faith    .   b - +1 robe
rPois    .         Spirit   .   (helmet restricted)
rElec    .         Reflect  .   (no cloak)
rCorr    .         Harm     .   (gloves unavailable)
MR       +....                  (boots unavailable)
Stlth    ..........             (no amulet)
HPRegen  0.65/turn              h - ring of fire
MPRegen  0.09/turn              o - ring of protection from magic

@: berserking, very quick
A: large, unfitting armour, claws 3, fast metabolism 3, gourmand, regeneration
1, shaggy fur 1, tough skin 2
a: no special abilities


You were on level 4 of the Dungeon.
You were very full.

You visited 1 branch of the dungeon, and saw 4 of its levels.

You collected 157 gold pieces.

Inventory:

Hand Weapons
 a - a +1 flail
 u - a +0 giant club (weapon)
Missiles
 j - 15 poisoned needles
Armour
 b - a +1 robe (worn)
 c - a +0 shield
Jewellery
 h - a ring of fire (left claw)
 o - a ring of protection from magic (right claw)
Scrolls
 g - a scroll of enchant armour
 k - 6 scrolls of identify
 m - a scroll of amnesia
 r - a scroll of immolation {unknown}
 s - a scroll of remove curse {unknown}
 t - a scroll of teleportation
Potions
 d - 2 potions of might
 e - a potion of magic {unknown}
 l - 2 potions of curing {unknown}
 n - a potion of flight
 p - a potion of heal wounds {unknown}
 q - a potion of haste {unknown}
Comestibles
 f - 7 rations


   Skills:
 + Level 3.2 Fighting
 + Level 4.2 Maces & Flails
 + Level 3.2 Dodging
 + Level 0.2 Stealth
 + Level 3.2 Shields


You had 5 spell levels left.
You didn't know any spells.

Dungeon Overview and Level Annotations

Branches:
Dungeon (4/15)
 Temple: D:4-7

Altars:
Dithmenos
Qazlal
Uskayaw


Innate Abilities, Weirdness & Mutations

You are too large for most types of armour.
You have claws for hands.
Your metabolism is lightning-fast.
You like to eat raw meat.
Your natural rate of healing is unusually fast.
You are covered in fur. (AC +1)
You have very tough skin. (AC +2)


Message History

HP restored.
You recover from your berserk rage.
k - 6 scrolls of identify (gained 1)
An ogre comes into view. It is wielding a giant club.
The ogre shouts!
The ogre hits you with a giant club!
You barely miss the ogre. The ogre hits you with a giant club!!
You barely miss the ogre. The ogre barely misses you.
A red film seems to cover your vision as you go berserk!
You feel yourself moving faster!
You feel mighty! The ogre hits you with a giant club!
You barely miss the ogre. You hit the ogre.
The ogre is moderately wounded.
The ogre hits you with a giant club!!
* * * LOW HITPOINT WARNING * * *
You closely miss the ogre.
The ogre is moderately wounded.
The ogre hits you with a giant club!!
You die...

+..............#
##...≈≈..#.....#
##≈≈≈≈≈##.....#
##≈§####.....#
### #.....#
#####.# #.# #.#
#@# #O# #.#
#.#######
#.......#
...............
....########.##
###


You could see an ogre.

Vanquished Creatures
  An ogre (D:4)
  The ghost of pk666 the Magician, an amateur DEWz (D:3)
  A big kobold (D:3)
  An orc wizard (D:3)
  3 adders
  3 dart slugs
  A worm (D:2)
  A leopard gecko (D:3)
  3 orcs (D:3)
  2 bats (D:1)
  A giant cockroach (D:2)
  3 goblins
  9 hobgoblins
  4 kobolds
  7 frilled lizards
  4 rats
45 creatures vanquished.

Notes
Turn   | Place    | Note
-------+----------+-------------------------------------------
     0 | D:1      | halftheisland the Troll Fighter began the quest for the Orb.
     0 | D:1      | Reached XP level 1. HP: 22/22 MP: 0/0
    19 | D:1      | You fall through a shaft!
    27 | D:2      | Found a shadowy altar of Dithmenos.
   151 | D:1      | Reached XP level 2. HP: 28/29 MP: 1/1
   662 | D:2      | Reached skill level 2 in Maces & Flails
   675 | D:2      | Found a stormy altar of Qazlal.
   763 | D:2      | Reached XP level 3. HP: 34/36 MP: 2/2
  1423 | D:3      | Reached XP level 4. HP: 44/44 MP: 3/3
  1427 | D:3      | Noticed pk666's ghost (amateur DEWz)
  1458 | D:3      | Killed pk666's ghost
  1458 | D:3      | Reached skill level 3 in Maces & Flails
  1677 | D:3      | Reached XP level 5. HP: 52/52 MP: 4/4
  1740 | D:3      | Found a stormy altar of Qazlal.
  1742 | D:3      | Found a hide-covered altar of Uskayaw.
  2000 | D:4      | Noticed an ogre
  2006 | D:4      | Killed an ogre
  2006 | D:4      | Reached skill level 4 in Maces & Flails
  2006 | D:4      | Reached XP level 6. HP: 44/61 MP: 5/5
  2071 | D:4      | Slain by an ogre

Skill      XL: |  1  2  3  4  5 |
---------------+----------------+-----
Maces & Flails | 2 3 4 |  4.2
Dodging        | 3 |  3.2
Shields        | 3 |  3.2
Fighting       | 3 |  3.2
Stealth        | |  0.2

Action                   |  1- 3 |  4- 6 || total
-------------------------+-------+-------++-------
Melee: Flail             |   108 |    50 ||   158
       Giant club        |       |     5 ||     5
  Use: Scroll            |    10 |       ||    10
       Potion            |     2 |     2 ||     4
 Stab: Sleeping          |     1 |     2 ||     3
  Eat: Chunk             |    16 |     7 ||    23
Armor: Robe              |    32 |     9 ||    41
Dodge: Dodged            |    34 |     9 ||    43
Block: Shield            |    42 |    15 ||    57
